 Dungeon Crawl Stone Soup version 0.23-b1-3-gdda8187c6f (webtiles) character file.

Game seed: 9085131266196369673

11382 Gargoyl the Distorting Centaur (level 11, -6/91 HPs)
             Began as a Centaur Abyssal Knight on Feb 1, 2019.
             Was a Believer of Lugonu.
             Killed from afar by a swamp worm (15 damage)
             ... with a harpoon shot
             ... on level 3 of the Lair of Beasts.
             The game lasted 00:26:02 (15871 turns).

Gargoyl the Distorting Centaur (CeAK)              Turns: 15871, Time: 00:26:02

Health: -6/91      AC: 19    Str: 16    XL:     11   Next: 48%
Magic:  18/18      EV:  2    Int: 11    God:    Lugonu [**....]
Gold:   401        SH: 13    Dex: 11    Spells: 10/10 levels left

rFire    + . .     SeeInvis .   a - +4 hand axe
rCold    . . .     Gourm    .   g - +4 shield
rNeg     . . .     Faith    .   s - +0 plate armour
rPois    .         Spirit   .   (no helmet)
rElec    .         Reflect  .   y - scarf {repulsion}
rCorr    .         Harm     .   f - +2 pair of gloves
MR       .....                  (no barding)
Stlth    ..........             (no amulet)
HPRegen  0.25/turn              d - ring of protection from fire
MPRegen  0.16/turn              A - +5 ring of protection

@: repel missiles, very quick
A: large, hooves 3, deformed body, speed 2, tough skin 3
a: Depart the Abyss, Bend Space, Renounce Religion


You were on level 3 of the Lair of Beasts.
You worshipped Lugonu.
Lugonu was pleased with you.
You were not hungry.

You visited 2 branches of the dungeon, and saw 11 of its levels.
You visited the Abyss 1 time.

You collected 513 gold pieces.
You spent 112 gold pieces at shops.

Inventory:

Hand Weapons
 a - a +4 hand axe (weapon)
Missiles
 F - 4 javelins (quivered)
Armour
 f - a +2 pair of gloves (worn)
 g - a +4 shield (worn)
 s - a +0 plate armour (worn)
 y - a scarf of repulsion (worn)
Jewellery
 d - a ring of protection from fire (left hand)
 l - an uncursed ring of see invisible
 q - an uncursed ring of resist corrosion
 t - an uncursed ring of magical power {unknown}
 w - an uncursed ring of flight
 A - a +5 ring of protection (right hand)
Wands
 h - a wand of iceblast (11)
 u - a wand of disintegration (10)
 x - a wand of paralysis (7)
 B - a wand of random effects (61)
 E - a wand of enslavement (6)
Scrolls
 e - 2 scrolls of identify
 i - 3 scrolls of remove curse
 z - 4 scrolls of teleportation
 C - a scroll of blinking
Potions
 k - 4 potions of curing
 m - a potion of cancellation
 n - 2 potions of magic
 o - a potion of brilliance {unknown}
 p - a potion of agility
 D - a potion of flight {unknown}
 H - a potion of lignification {unknown}
 I - a potion of haste {unknown}
Comestibles
 c - 15 rations
 j - 4 chunks of flesh


   Skills:
 + Level 6.6 Fighting
 + Level 8.6 Axes
 + Level 1.3 Throwing
 * Level 7.8 Armour
 + Level 1.5 Dodging
 + Level 5.0 Shields
 * Level 9.4 Invocations
 + Level 0.4 Evocations


You had 10 spell levels left.
You didn't know any spells.
Your spell library contained the following spells:

 Spells                   Type           Power        Failure   Level  Hunger
 Animate Skeleton         Necr           N/A          100%        1    ##.....
 Pain                     Necr           #...         100%        1    ##.....
 Regeneration             Chrm/Necr      #.........   100%        3    ####...
 Vampiric Draining        Necr           #.........   100%        3    ####...
 Animate Dead             Necr           N/A          100%        4    #####..
 Leda's Liquefaction      Hex/Erth       #.........   100%        4    #####..
 Bolt of Magma            Conj/Fire/Erth #.........   100%        5    ######.
 Iron Shot                Conj/Erth      #.........   100%        6    #######
 Statue Form              Tmut/Erth      #........    100%        6    #######
 Shatter                  Erth           #.........   100%        9    #######


Dungeon Overview and Level Annotations

Branches:
Dungeon (8/15)             Temple (0/1) D:5            Lair (3/6) D:8
  Swamp: Lair:2-4    Shoals: Lair:2-4     Snake: Lair:2-4    Spider: Lair:2-4

Altars:
Ashenzari
Cheibriados
Dithmenos
Fedhas
Kikubaaqudgha
Qazlal
Trog
Yredelemnul

Shops:
D:8 *


Innate Abilities, Weirdness & Mutations

You have hooves in place of feet.
Armour fits poorly on your strangely shaped body.
You cover ground very quickly.
You have extremely tough skin. (AC +3)


Message History

* * * LOW HITPOINT WARNING * * *
The polar bear claws you but does no damage.
You block the polar bear's attack. x2
The polar bear claws you but does no damage.
Okay, then.
Unknown command.
Okay, then.
Unknown command.
A porcupine comes into view.
Found a scroll of amnesia.
You block the porcupine's attack.
Found a scratched golden ring.
The porcupine twitches its whiskers.
Found a hand crossbow.
A hippogriff comes into view.
The hippogriff screeches!
A hydra and a swamp worm come into view.
The swamp worm throws harpoon shot at you.
The harpoon shot hits you!
You die...

♣. #.<..'..♣♣ ♣≈≈≈ ♣< ♣.
#....'..♣♣ ♣≈≈≈ ♣.
#...⌠#..♣♣ .≈≈≈≈♣.
######..♣♣ ..D≈≈♣. ...♣
≈≈w.. ...♣ ... ♣♣♣♣♣
♣.##♣♣♣ ♣♣♣ ♣♣♣ ♣♣
♣♣.@...♣♣♣.♣♣♣.♣♣♣♣.
♣......r............
.......................
........................
.......=................
....H.######.#..........
.#.... ##......##.##
..... ##.....P####
#.......


You could see an eight-headed hydra, a hippogriff, a swamp worm and a porcupine.

Vanquished Creatures
  Erica (D:8)
  Pikel (D:7)
  A spiny frog (Lair:2)
  A komodo dragon (Lair:1)
  A rime drake (Lair:2)
  A troll (D:7)
  A polar bear (Lair:2)
  Grinder (D:3)
  3 blink frogs (Lair:2)
  4 hippogriffs
  Sigmund (D:6)
  18 yaks
  Eustachio (D:6)
  A hungry ghost (D:7)
  Edmund (D:6)
  2 water moccasins
  3 porcupines
  A sky beast (D:8)
  3 ogres
  2 phantoms
  A centaur (D:5)
  9 crocodiles
  Blork the orc (D:6)
  11 bullfrogs
  A gnoll sergeant (D:6)
  A wyvern skeleton (D:6)
  A jelly (D:8)
  5 scorpions
  An electric eel (D:8)
  A howler monkey (D:5)
  A crimson imp (D:5)
  A bullfrog zombie (D:8)
  5 hounds
  2 bullfrog skeletons (D:7)
  2 orc priests (D:4)
  2 iguanas
  5 worker ants
  4 orc wizards
  A killer bee zombie (D:5)
  2 hound zombies (D:6)
  8 gnolls
  5 adders
  2 shadow imps (D:8)
  An ooze (D:3)
  An adder skeleton (D:4)
  2 worms
  5 dart slugs
  2 leopard geckos
  18 orcs
  A bat (D:3)
  5 giant cockroaches
  6 hobgoblins
  3 jackals (D:3)
  3 quokkas
  3 ball pythons
  5 frilled lizards
  A giant cockroach zombie (D:5)
  8 goblins
  7 kobolds
  A leopard gecko zombie (D:6)
  A quokka zombie (D:7)
  9 rats
202 creatures vanquished.

Vanquished Creatures (others)
  A black mamba (Lair:1)
  2 polar bears (Lair:2)
  5 electric eels (D:8)
  A hound (D:8)
  An orc (D:8)
  2 fungi
12 creatures vanquished.

Grand Total: 214 creatures vanquished

Notes
Turn   | Place    | Note
-------+----------+-------------------------------------------
     0 | Abyss:1  | Gargoyl the Centaur Abyssal Knight began the quest for the
                  | Orb.
     0 | Abyss:1  | Reached XP level 1. HP: 19/19 MP: 2/2
    36 | Abyss:2  | Found a corrupted altar of Lugonu.
    74 | Abyss:2  | Noticed a ynoxinul
    75 | D:1      | Escaped the Abyss
   198 | D:1      | Reached * piety under Lugonu
   484 | D:1      | Reached XP level 2. HP: 26/26 MP: 3/3
  1491 | D:2      | Reached XP level 3. HP: 30/31 MP: 4/4
  2538 | D:2      | Reached XP level 4. HP: 38/38 MP: 5/5
  2764 | D:3      | Reached ** piety under Lugonu
  3399 | D:3      | Noticed Grinder
  3405 | D:3      | Killed Grinder
  3405 | D:3      | Reached skill level 1 in Shields
  3405 | D:3      | Reached skill level 3 in Invocations
  3405 | D:3      | Reached XP level 5. HP: 27/46 MP: 7/7
  3405 | D:3      | Reached XP level 6. HP: 30/52 MP: 8/8
  3635 | D:3      | HP: 2/52 [ogre/+0 giant spiked club (11)]
  4233 | D:3      | Reached XP level 7. HP: 19/59 MP: 9/9
  4467 | D:4      | Reached skill level 4 in Invocations
  5234 | D:5      | Entered Level 5 of the Dungeon
  5286 | D:5      | Reached *** piety under Lugonu
  5306 | D:5      | Found a staircase to the Ecumenical Temple.
  5323 | D:5      | Reached XP level 8. HP: 65/67 MP: 11/11
  5386 | D:5      | Found a shattered altar of Ashenzari.
  5552 | D:5      | Reached skill level 5 in Axes
  5565 | D:5      | Found a stormy altar of Qazlal.
  5759 | D:5      | Found a blossoming altar of Fedhas.
  6110 | D:6      | Noticed Eustachio
  6140 | D:6      | Killed Eustachio
  6140 | D:6      | Reached skill level 1 in Dodging
  6216 | D:6      | Noticed Sigmund
  6232 | D:6      | Killed Sigmund
  6232 | D:6      | Reached skill level 5 in Invocations
  6647 | D:6      | Noticed Blork the orc
  6660 | D:6      | Killed Blork the orc
  6660 | D:6      | Reached skill level 5 in Fighting
  7180 | D:6      | Noticed Edmund
  7202 | D:6      | Killed Edmund
  7406 | D:7      | Reached XP level 9. HP: 69/74 MP: 13/13
  7688 | D:7      | Found a snail-covered altar of Cheibriados.
  7712 | D:7      | Reached skill level 5 in Armour
  7955 | D:7      | Found an ancient bone altar of Kikubaaqudgha.
  7962 | D:7      | Found a shadowy altar of Dithmenos.
  7962 | D:7      | Found a basalt altar of Yredelemnul.
  7986 | D:7      | Reached skill level 6 in Invocations
  8614 | D:8      | Noticed Erica
  8640 | D:8      | HP: 2/74 [something/bolt of poison (29)]
  8648 | D:8      | Killed Erica
  8648 | D:8      | Reached **** piety under Lugonu
  8889 | D:8      | Found a bloodstained altar of Trog.
  9009 | D:8      | Found Howoill's General Store.
  9028 | D:8      | Bought a scroll of blinking for 112 gold pieces
  9071 | D:8      | Noticed Pikel
  9117 | D:7      | Killed Pikel
  9184 | D:8      | Found a staircase to the Lair.
  9253 | D:8      | Reached XP level 10. HP: 81/83 MP: 15/15
 10322 | D:8      | Reached skill level 7 in Invocations
 10346 | Lair:1   | Entered Level 1 of the Lair of Beasts
 11024 | Lair:1   | Reached skill level 8 in Invocations
 12237 | Lair:1   | Reached skill level 1 in Throwing
 13211 | Lair:2   | Reached XP level 11. HP: 91/91 MP: 17/17
 14332 | Lair:2   | Reached skill level 9 in Invocations
 15811 | Lair:3   | Reached skill level 5 in Shields
 15833 | Lair:3   | HP: 3/91 [polar bear (4)]
 15870 | Lair:3   | Noticed an eight-headed hydra
 15871 | Lair:3   | Killed from afar by a swamp worm

Skill      XL: |  1  2  3  4  5  6  7  8  9 10 11 |
---------------+----------------------------------+-----
Axes           | 2 3 4 5 7 8 |  8.6
Armour         | 2 3 4 6 7 |  7.8
Shields        | 1 2 3 4 5 |  5.0
Invocations    | 3 4 5 6 8 9 |  9.4
Fighting       | 4 5 6 |  6.6
Dodging        | 1 |  1.5
Throwing       | 1 |  1.3
Evocations     | |  0.4

Action                   |  1- 3 |  4- 6 |  7- 9 | 10-12 || total
-------------------------+-------+-------+-------+-------++-------
Melee: Hand axe          |    99 |    92 |   456 |   381 ||  1028
       Kick              |    14 |    22 |   111 |   126 ||   273
Throw: Javelin           |       |       |       |    18 ||    18
Invok: Depart the Abyss  |     1 |       |       |       ||     1
       Bend Space        |       |       |     1 |     3 ||     4
       Banish            |       |       |       |    11 ||    11
Evoke: Wand              |       |     2 |     1 |    10 ||    13
  Use: Scroll            |     8 |     1 |     9 |     9 ||    27
       Potion            |       |       |     6 |     2 ||     8
 Stab: Fleeing           |       |       |       |     1 ||     1
  Eat: Chunk             |     2 |     5 |     8 |    16 ||    31
       Ration            |       |       |     4 |     2 ||     6
Armor: Leather armour    |     6 |       |       |       ||     6
       Ring mail         |     5 |       |       |       ||     5
       Chain mail        |    21 |    15 |       |       ||    36
       Plate armour      |       |    42 |   356 |   292 ||   690
Dodge: Dodged            |    12 |     3 |    10 |    32 ||    57
       Deflected         |       |       |       |     1 ||     1
Block: Shield            |    40 |    41 |   265 |   319 ||   665
